 Seeded DCSS version 0.30.1-6-gbe392663c4 (webtiles) character file.

Game seed: 15355723370913860151 (custom seed)

32 Psyclone the Stinger (level 3, 21/21 HPs)
             Began as an Octopode Venom Mage on Sept 20, 2023.
             Quit the game on level 2 of the Dungeon.
             The game lasted 00:03:23 (679 turns).

Psyclone the Stinger (Octopode Venom Mage)           Turns: 679, Time: 00:03:23

Health: 21/21      AC:  1    Str:  7    XL:     3   Next: 25%
Magic:  6/6        EV: 13    Int: 19    God:
Gold:   18         SH:  0    Dex: 12    Spells: 3/6 levels left

rFire   . . .        a - +0 dagger (speed)
rCold   . . .        (no shield)
rNeg    . . .        (helmet restricted)
rPois   .            (no amulet)
rElec   .            (no ring)
rCorr   .            (no ring)
SInv    .            (no ring)
Will    .....        (no ring)
Stlth   +++          (no ring)
HPRegen 0.23/turn    (no ring)
MPRegen 0.10/turn    (no ring)
                     (no ring)

%: no passive effects
@: no status effects
A: almost no armour, amphibious, 8 rings, camouflage 1, gelatinous body 1,
(nimble swimmer 1), tentacles
a: no special abilities


You were on level 2 of the Dungeon.
You visited 1 branch of the dungeon, and saw 2 of its levels.

You collected 18 gold pieces.

Inventory:

Hand Weapons
 a - a +0 dagger of speed (weapon)
 c - a +0 dagger
Wands
 e - a wand of charming (10)
Scrolls
 d - 3 scrolls of fog {unknown}
 g - a scroll of acquirement
Potions
 b - a potion of magic
 f - 2 potions of mutation {unknown}


   Skills:
 - Level 2.0 Dodging
 - Level 2.6 Stealth
 - Level 2.0 Spellcasting
 - Level 1.0 Transmutations
 + Level 5.2 Poison Magic


You had 3 spell levels left.
You knew the following spells:

 Your Spells              Type           Power      Damage    Failure   Level
a - Poisonous Vapours     Pois/Air       22%        N/A       9%          2
v - Sting                 Tmut/Pois      52%        1d5       4%          1

Your spell library contained the following spells:

 Spells                   Type           Power      Damage    Failure   Level
 Cigotuvi's Dreadful Rot  Necr/Pois/Air  16%        N/A       13%         2
 Ignite Poison            Fire/Tmut/Pois 9%         N/A       22%         3
 Mephitic Cloud           Conj/Pois/Air  8%         N/A       26%         3
 Summon Guardian Golem    Hex/Summ       1%         N/A       45%         3
 Olgreb's Toxic Radiance  Pois           21%        N/A       21%         4
 Freezing Cloud           Conj/Ice/Air   0%         6-21      99%         5
 Orb of Destruction       Conj           0%         9d5       100%        7
 Spellforged Servitor     Conj/Summ      0%         N/A       100%        7


Dungeon Overview and Level Annotations

Branches:
Dungeon (2/15) Zot: 11325

Altars:

Shops:
D:1 =


Innate Abilities, Weirdness & Mutations

You cannot wear most types of armour.
You are amphibious.
You can wear up to eight rings at the same time.
Your skin changes colour to match your surroundings (Stealth+).
Your rubbery body absorbs attacks. (AC +1, EV +1)
((You are camouflaged when in or above water. (Stealth+)))
You have tentacles for arms and can constrict up to eight enemies at once.


Message History

A dart slug comes into view.
Casting: Poisonous Vapours (safe; 9% risk of failure)
Confirm with . or Enter, or press ? or * to list all spells.
Aiming: Poisonous Vapours (safe; 9% risk of failure)
Press: ? - help, Dir - move target, f - dart slug
Aim: a dart slug (asleep)
You miscast Poisonous Vapours.
You are very lightly contaminated with residual magic.
Nothing appears to happen.
The dart slug launches a dart at you. The slug dart misses you.
You now have 4/6 mp.
Casting: Poisonous Vapours (safe; 9% risk of failure)
Confirm with . or Enter, or press ? or * to list all spells.
Aiming: Poisonous Vapours (safe; 9% risk of failure)
Press: ? - help, Dir - move target, f/p - dart slug
Aim: a dart slug Poisonous vapours surround the dart slug!
The dart slug is poisoned.
You now have 2/6 mp.
Casting: Poisonous Vapours (safe; 9% risk of failure)
Confirm with . or Enter, or press ? or * to list all spells.
Aiming: Poisonous Vapours (safe; 9% risk of failure)
Press: ? - help, Dir - move target, f/p - dart slug
Aim: a dart slug (moderately wounded, poisoned) Poisonous vapours surround the dart slug!
The dart slug looks even sicker.
You now have 0/6 mp.
You start resting.
You feel a bit more experienced.
Your magical contamination has completely faded away.
Found 2 scrolls labelled XINEFO PERAKKI.
g - 2 scrolls labelled XINEFO PERAKKI You start resting.
Magic restored.
MP restored: 6 This is a scroll of acquirement!
You see here a Trismegistus Codex.
Something appears before you!
You pick up a Trismegistus Codex and begin reading...
You add the spells Cigotuvi's Dreadful Rot, Ignite Poison and Freezing Cloud to your library.
Are you sure you want to abandon this character and quit the game? (Confirm with "yes".)

#......####### .$
######.......##...
#...........
#.......♣♣♣
#......♣♣
#......♣♣
####.#..♣
#.##.♣♣♣♣♣
#.@.......
##....#### ######


There were no monsters in sight!

Vanquished Creatures
  An adder (D:2)
  2 dart slugs
  2 endoplasms (D:2)
  A giant cockroach (D:2)
  6 hobgoblins (D:2)
  3 kobolds
  3 rats (D:2)
18 creatures vanquished.

Notes
Turn   | Place    | Note
-------+----------+-------------------------------------------
     0 | D:1      | Psyclone the Octopode Venom Mage began the quest for the
                  | Orb.
     0 | D:1      | Reached XP level 1. HP: 11/11 MP: 3/3
    67 | D:2      | Reached skill level 4 in Poison Magic
    84 | D:1      | Reached XP level 2. HP: 17/17 MP: 3/5
    84 | D:1      | Found Poafeakiy's One-of-a-Kind Rings.
   211 | D:2      | Learned a level 2 spell: Poisonous Vapours
   486 | D:2      | Reached skill level 5 in Poison Magic
   486 | D:2      | Reached XP level 3. HP: 18/21 MP: 2/6
   677 | D:2      | Identified 2 scrolls of acquirement
   677 | D:2      | Acquired a Trismegistus Codex
   679 | D:2      | Quit the game

Illustrated notes

Levels and vault maps discovered:
D:1:      psy_arrival_whirlpool, layout_basic, nicolae_shop_unique_rings,
          minmay_octomino_j4
D:2:      layout_basic, minmay_misc_feat_square, nrook_campfire,
          glass_columns_b, eino_curves_03, minmay_crystal_room,
          grunt_ministairs_5, st_stairs_10

Skill      XL: |  1  2 |
---------------+-------+-----
Poison Magic   | 4 5 |  5.2
Dodging        | |  2.0
Stealth        | |  2.6
Spellcasting   | |  2.0
Transmutations | |  1.0

Action                     || total
---------------------------++-------
  Melee: Dagger            ||    14
         Constrict         ||     5
         Tentacles         ||     3
   Cast: Sting             ||     6
         Poisonous Vapours ||    11
    Use: Scroll            ||     1
   Stab: Sleeping          ||     1
  Dodge: Dodged            ||     5
